 Dungeon Crawl Stone Soup version 0.30-a0-365-ge7f957f1db (webtiles) character file.

Game seed: 15700660549365105476

73 GiantSquids the Insei (level 4, 0/28 HPs)
             Began as an Octopode Transmuter on Nov 17, 2022.
             Slain by a water moccasin (2 damage)
             ... in a sewer.
             The game lasted 00:04:35 (1463 turns).

GiantSquids the Insei (Octopode Transmuter)         Turns: 1463, Time: 00:04:37

Health: 0/28       AC:  1    Str:  9    XL:     4   Next: 27%
Magic:  7/7        EV: 13    Int: 17    God:
Gold:   85         SH:  0    Dex: 12    Spells: 1/7 levels left

rFire   . . .      SeeInvis .      - Unarmed
rCold   . . .      Faith    .    (no shield)
rNeg    . . .      Spirit   .    (helmet restricted)
rPois   .          Reflect  .    (no amulet)
rElec   .          Harm     .    f - +4 ring of slaying
rCorr   .          Rampage  .    (no ring)
Will    .....                    (no ring)
Stlth   ++++......               (no ring)
HPRegen 0.24/turn                (no ring)
MPRegen 0.10/turn                (no ring)
                                 (no ring)
                                 (no ring)

@: lethally poisoned (0 -> -13)
A: almost no armour, amphibious, 8 rings, camouflage 1, gelatinous body 1,
nimble swimmer 1, tentacles
a: no special abilities


You were in a sewer.
You visited 1 branch of the dungeon, and saw 3 of its levels.
You also visited: Sewer.

You collected 85 gold pieces.

Inventory:

Jewellery
 f - a +4 ring of slaying (left tentacle)
 r - a ring of flight
Wands
 q - a wand of paralysis (10)
Scrolls
 g - a scroll of immolation {unknown}
 h - a scroll of butterflies {unknown}
 i - a scroll of enchant armour {unknown}
 j - a scroll of magic mapping {unknown}
 n - a scroll of torment {unknown}
 o - a scroll of vulnerability {unknown}
Potions
 a - 2 potions of lignification
 b - 3 potions of curing {unknown}
 c - a potion of attraction {unknown}
 d - a potion of haste {unknown}
 e - 2 potions of invisibility {unknown}
 k - a potion of flight {unknown}
 l - 2 potions of brilliance {unknown}
 m - a potion of magic {unknown}
 p - a potion of ambrosia {unknown}


   Skills:
 + Level 1.6 Fighting
 + Level 2.4 Dodging
 + Level 1.5 Stealth
 + Level 3.2 Unarmed Combat
 + Level 2.3 Spellcasting
 * Level 3.0 Transmutations


You had one spell level left.
You knew the following spells:

 Your Spells              Type           Power      Damage    Failure   Level
a - Beastly Appendage     Tmut           24%        N/A       5%          1
b - Spider Form           Tmut/Pois      7%         N/A       30%         3
c - Wereblood             Tmut           12%        N/A       9%          2

Your spell library contained the following spells:

 Spells                   Type           Power      Damage    Failure   Level
 Ice Form                 Ice/Tmut       7%         N/A       69%         4


Dungeon Overview and Level Annotations

Branches:
Dungeon (3/15)              Sewer (1/1)

Altars:

Shops:
D:1 =


Innate Abilities, Weirdness & Mutations

You cannot wear most types of armour.
You are amphibious.
You can wear up to eight rings at the same time.
Your skin changes colour to match your surroundings (Stealth+).
Your rubbery body absorbs attacks. (AC +1, EV +1)
You are camouflaged when in or above water. (Stealth+)
You have tentacles for arms and can constrict up to eight enemies at once.


Message History

The jackal barks! x2
You tentacle-slap the jackal. Your grab misses the jackal.
Your squeeze misses the jackal.
The jackal is almost dead.
You bludgeon the jackal!
You kill the jackal!
You tentacle-slap the jackal. Your grab misses the jackal.
Your squeeze misses the jackal.
The jackal is heavily wounded.
The jackal barely misses you.
You tentacle-slap the jackal.
You kill the jackal!
Things that are here:
a jackal corpse; a jackal corpse A water moccasin comes into view.
Found a scroll labelled FEOTZI ITOONT and a falchion.
The water moccasin hisses angrily.
The water moccasin bites you.
You are poisoned.
The water moccasin poisons you! The water moccasin bites you.
You are lethally poisoned!
The water moccasin poisons you!
You tentacle-slap the water moccasin. You grab the water moccasin.
The water moccasin is lightly wounded.
You constrict the water moccasin, but do no damage.
You feel extremely sick.
The water moccasin completely misses you.
You tentacle-slap the water moccasin. You squeeze the water moccasin.
The water moccasin is moderately wounded.
You constrict the water moccasin, but do no damage.
You feel very sick. The water moccasin bites you.
* * * LOW HITPOINT WARNING * * *
You tentacle-slap the water moccasin. You squeeze the water moccasin!
The water moccasin is severely wounded.
You constrict the water moccasin.
* * * LOW HITPOINT WARNING * * *
You feel very sick. The water moccasin closely misses you.
The water moccasin bites you.
You die...

#..~..#
....##
#~..#
#..##
#~~.#
##.~# #.
#..# #..
#S.# #~.#
##@.# #...
#~..#
#.~###.~##
#...#...#
#~.~~.##
#.....#
##...##
#.~.#
##~##


You could see a water moccasin.

Vanquished Creatures
  3 adders (D:2)
  2 dart slugs (D:2)
  4 ball pythons
  3 endoplasms
  2 giant cockroaches
  2 goblins (D:1)
  3 hobgoblins
  5 jackals
  6 quokkas
  A bat (D:2)
  2 frilled lizards (D:2)
  A kobold (D:2)
  5 rats
39 creatures vanquished.

Notes
Turn   | Place    | Note
-------+----------+-------------------------------------------
     0 | D:1      | GiantSquids the Octopode Transmuter began the quest for the
                  | Orb.
     0 | D:1      | Reached XP level 1. HP: 13/13 MP: 3/3
    36 | D:1      | Found Plog's Jewellery Shop.
   142 | D:1      | Reached XP level 2. HP: 18/18 MP: 5/5
   648 | D:2      | Found a faded altar of an unknown god.
   870 | D:2      | Reached XP level 3. HP: 23/23 MP: 6/6
   936 | D:2      | Reached skill level 1 in Stealth
  1120 | D:2      | Reached XP level 4. HP: 27/28 MP: 7/7
  1136 | D:2      | Learned a level 3 spell: Spider Form
  1139 | D:2      | Learned a level 2 spell: Wereblood
  1414 | D:3      | Found a glowing drain.
  1418 | Sewer    | Entered a sewer
  1453 | Sewer    | Noticed a water moccasin
  1463 | Sewer    | Slain by a water moccasin

Illustrated notes

Levels and vault maps discovered:
D:1:      lightli_arrival_noodles, layout_rooms, serial_shops, shop
D:2:      layout_basic, ebering_ecumenical_altar_hall, minmay_octomino_e4
D:3:      layout_basic, gammafunk_ghost_smash, serial_shops,
          nicolae_shop_behind_doors, gup_sewer_entry_bowl
Sewer:    sewer_the_moccasin

Skill      XL: |  1  2  3 |
---------------+----------+-----
Stealth        | 1 |  1.5
Transmutations | 3 |  3.0
Fighting       | |  1.6
Dodging        | |  2.4
Unarmed Combat | |  3.2
Spellcasting   | |  2.3

Action                   |  1- 3 |  4- 6 || total
-------------------------+-------+-------++-------
Melee: Unarmed           |    65 |    16 ||    81
       Tentacles         |    13 |     4 ||    17
       Constrict         |    17 |     4 ||    21
       Punch             |     2 |     2 ||     4
       Kick              |     2 |       ||     2
 Cast: Beastly Appendage |     2 |       ||     2
 Stab: Sleeping          |     2 |       ||     2
Armor: Skin              |     3 |     1 ||     4
Dodge: Dodged            |    47 |     5 ||    52

Table legend: (Time is in decaauts)
 A = Elapsed time spent in this place.
 B = Non-inter-level travel time spent in this place.
 C = Inter-level travel time spent in this place.
 D = Time resting spent in this place.
 E = Time spent auto-exploring this place.
 F = Levels seen in this place.
 G = Mean time per level.
                   A        B        C        D        E       F      G
               +--------+--------+--------+--------+--------+-----+--------+
         Total |   1457 |   1412 |     45 |    108 |    968 |   4 |  364.2 |
       Dungeon |   1412 |   1367 |     45 |    108 |    943 |   3 |  470.7 |
         Sewer |     44 |     44 |      0 |      0 |     25 |   1 |   44.0 |
               +--------+--------+--------+--------+--------+-----+--------+

Top non-repeatable levels by time:
     D:2: 792 daAuts
     D:1: 591 daAuts
   Sewer: 44 daAuts
     D:3: 29 daAuts
